 Dungeon Crawl Stone Soup version 0.23.1 (webtiles) character file.

Game seed: 0

1541 misha the Spear-Bearer (level 8, -5/67 HPs)
             Began as a Merfolk Chaos Knight on Mar 9, 2019.
             Was a Plaything of Xom.
             Slain by a hornet (6 damage)
             ... while paralysed by a hornet
             ... on level 8 of the Dungeon.
             The game lasted 00:17:05 (5931 turns).

misha the Spear-Bearer (Merfolk Chaos Knight)       Turns: 5931, Time: 00:17:08

Health: -5/67      AC:  8    Str: 14    XL:     8   Next: 86%
Magic:  0/8        EV:  2    Int:  8    God:    Xom [*.....]
Gold:   355        SH:  0    Dex: 10    Spells: 7/7 levels left

rFire    . . .     SeeInvis .   a - +1 spear (chaos)
rCold    + . .     Gourm    .   (no shield)
rNeg     . . .     Faith    .   J - +3 leather armour "Ciuveenu" {rF+ MR++ Dex-2 Stlth+}
rPois    .         Spirit   +   l - +0 helmet
rElec    .         Reflect  .   g - +0 cloak
rCorr    .         Harm     .   (no gloves)
MR       ++...                  (no boots)
Stlth    ++........             q - amulet of guardian spirit
HPRegen  0.21/turn              y - -3 ring of intelligence
MPRegen  0.11/turn              f - ring of ice

@: paralysed, lethally poisoned (-5 -> -10), slowed
A: change form in water, swift swim, stealthy swim, clumsy 1
a: Renounce Religion


You were on level 8 of the Dungeon.
You worshipped Xom.
You were a special plaything of Xom.
You were not hungry.

You visited 1 branch of the dungeon, and saw 8 of its levels.

You collected 355 gold pieces.

Inventory:

Hand Weapons
 a - a +1 spear of chaos (weapon)
Missiles
 d - 231 stones (quivered)
 m - 29 poisoned needles
 v - 15 tomahawks
 w - 5 javelins
 C - 14 sling bullets
 D - 7 poisoned javelins
Armour
 b - a +3 leather armour
 g - a +0 cloak (worn)
 l - a +0 helmet (worn)
 G - a +0 pair of boots
 J - the +3 leather armour "Ciuveenu" (worn) {rF+ MR++ Dex-2 Stlth+}
   (You found it on level 7 of the Dungeon)

   It affects your dexterity (-2).
   It protects you from fire.
   It affects your resistance to hostile enchantments.
   It makes you more stealthy.
Jewellery
 f - a ring of ice (right hand)
 q - an amulet of guardian spirit (around neck)
 s - a cursed ring of fire {unknown}
 y - a -3 ring of intelligence (left hand)
 F - an uncursed ring of protection from fire {unknown}
 H - an uncursed ring of flight {unknown}
 I - a +4 ring of slaying {unknown}
Wands
 r - a wand of random effects (16)
 x - a wand of digging (4)
Scrolls
 i - 3 scrolls of teleportation
 n - 2 scrolls of remove curse
 t - a scroll of magic mapping
 z - 4 scrolls of amnesia
 K - a scroll of fear
Potions
 e - a potion of degeneration
 h - a potion of brilliance {unknown}
 j - a potion of curing
 k - 2 potions of haste
 o - 3 potions of flight {unknown}
 p - a potion of ambrosia {unknown}
 u - a potion of magic {unknown}
 A - a potion of might {unknown}
 B - a potion of heal wounds {unknown}
 E - a potion of cancellation {unknown}
Comestibles
 c - 10 rations


   Skills:
 + Level 7.5 Fighting
 * Level 12.8 Polearms
 - Level 0.6 Armour
 - Level 2.6 Dodging


You had 7 spell levels left.
You didn't know any spells.
Your spell library was empty.

Dungeon Overview and Level Annotations

Branches:
Dungeon (8/15)             Temple (0/1) D:4
   Lair: D:8-11

Altars:
Cheibriados
Fedhas
Gozag
Hepliaklqana
Makhleb
Ru
Xom
Yredelemnul
The Shining One

Shops:
D:6 (

Annotations:
D:7 3 runed translucent doors, Hasart's ghost, novice DEFE


Innate Abilities, Weirdness & Mutations

You revert to your normal form in water You are very nimble and swift while swimming.
You are very stealthy in the water. (Stealth+)
You are clumsy. (Dex -2)


Message History

You can move again.
You feel better.
The hornet stings you but does no damage.
The hornet stings you!
* * * LOW HITPOINT WARNING * * *
You are poisoned.
You feel as though you will be slow longer.
You feel better. The hornet completely misses you.
The hornet stings you but does no damage.
The hornet stings you!
* * * LOW HITPOINT WARNING * * *
You feel as though you will be slow longer.
The hornet stings you!
* * * LOW HITPOINT WARNING * * *
You are lethally poisoned!
You suddenly lose the ability to move!
The bullfrog releases a deep croak.
The hornet stings you.
You die...
Xom snickers!

#.......# #
#.......####
#........).#
###...####.#
#_F.# #
##F## #F#
#y#####_#
#@.......
#######.#


You could see a hornet and 3 bullfrogs.

Vanquished Creatures
  Eustachio (D:4)
  A black bear (D:6)
  A phantom (D:7)
  2 ice beasts
  A centaur (D:5)
  3 bullfrogs (D:6)
  2 scorpions
  2 howler monkeys
  3 crimson imps
  A bullfrog zombie (D:5)
  3 hounds
  2 jellies (D:5)
  A bullfrog skeleton (D:4)
  An iron imp (D:6)
  Terence (D:2)
  An iguana (D:4)
  A worker ant (D:4)
  2 hound skeletons
  6 adders
  An ooze (D:6)
  2 adder skeletons
  6 dart slugs
  4 leopard geckos
  3 orcs
  9 giant cockroaches
  7 goblins
  9 hobgoblins
  6 jackals
  4 quokkas
  2 ball pythons
  11 bats
  3 frilled lizards (D:2)
  A jackal skeleton (D:5)
  2 jackal zombies
  4 kobolds
  6 rats
115 creatures vanquished.

Vanquished Creatures (collateral kills)
  A leopard gecko (D:4)
1 creature vanquished.

Vanquished Creatures (others)
  A fungus (D:8)
1 creature vanquished.

Grand Total: 117 creatures vanquished

Notes
Turn   | Place    | Note
-------+----------+-------------------------------------------
     0 | D:1      | misha the Merfolk Chaos Knight began the quest for the Orb.
     0 | D:1      | Reached XP level 1. HP: 18/18 MP: 1/1
    39 | D:1      | Reached skill level 5 in Polearms
    39 | D:1      | Reached XP level 2. HP: 20/24 MP: 2/2
   548 | D:1      | Reached XP level 3. HP: 30/30 MP: 3/3
   730 | D:1      | XOM is BORED!
  1115 | D:2      | Reached skill level 6 in Polearms
  1283 | D:2      | Found an opulent altar of Gozag.
  1410 | D:2      | Noticed Terence
  1417 | D:2      | Reached XP level 4. HP: 34/37 MP: 4/4
  1420 | D:2      | XOM: 1-stop teleportation journey
  1508 | D:2      | XOM: enchant monster (bad)
  1512 | D:2      | Killed Terence
  1595 | D:2      | Reached skill level 7 in Polearms
  2148 | D:3      | XOM: noise
  2167 | D:3      | Reached XP level 5. HP: 37/43 MP: 5/5
  2338 | D:3      | Found a blossoming altar of Fedhas.
  2675 | D:3      | Found a basalt altar of Yredelemnul.
  2731 | D:3      | Found a shimmering altar of Xom.
  2831 | D:3      | XOM: harmless Erth miscast
  2980 | D:4      | XOM: summons 5 friendly demons
  3017 | D:4      | Reached skill level 8 in Polearms
  3017 | D:4      | Reached XP level 6. HP: 50/50 MP: 4/6
  3019 | D:4      | Found a staircase to the Ecumenical Temple.
  3080 | D:4      | Noticed Eustachio
  3085 | D:4      | Reached skill level 5 in Fighting
  3113 | D:4      | XOM: harmless Air miscast
  3146 | D:4      | XOM: noise
  3170 | D:4      | XOM: smoke on damage
  3195 | D:4      | XOM: 1-stop teleportation journey
  3199 | D:4      | Killed Eustachio
  3199 | D:4      | Reached skill level 9 in Polearms
  3199 | D:4      | Reached XP level 7. HP: 20/56 MP: 5/7
  3276 | D:4      | XOM: divination: detect creatures
  3482 | D:4      | XOM: 3-stop teleportation journey
  3519 | D:4      | Found a burning altar of Makhleb.
  3519 | D:4      | Found a hazy altar of Hepliaklqana.
  3519 | D:4      | Found a glowing golden altar of the Shining One.
  3578 | D:5      | Entered Level 5 of the Dungeon
  3594 | D:5      | Reached skill level 10 in Polearms
  3707 | D:5      | XOM: 5-stop teleportation journey
  4084 | D:5      | Found a snail-covered altar of Cheibriados.
  4090 | D:5      | Found a sacrificial altar of Ru.
  4193 | D:5      | XOM: 3-stop teleportation journey
  4241 | D:5      | Reached skill level 11 in Polearms
  4241 | D:5      | Reached XP level 8. HP: 60/65 MP: 8/8
  4291 | D:5      | XOM: silly message
  4609 | D:6      | Found Lyutik's Weapon Shoppe.
  4784 | D:6      | Reached skill level 12 in Polearms
  4805 | D:6      | XOM: scenery: create altars
  4828 | D:6      | XOM: enchant monster (good)
  4837 | D:6      | XOM: fake destruction
  4860 | D:6      | XOM: god gift: 7 poisoned javelins
  4874 | D:6      | XOM: polymorph crimson imp -> iron imp
  5516 | D:7      | Found a runed translucent gate.
  5516 | D:7      | Noticed Hasart's ghost (novice DEFE)
  5517 | D:7      | Found a runed translucent gate.
  5518 | D:7      | Found a runed translucent gate.
  5524 | D:7      | Noticed a kobold demonologist
  5780 | D:7      | XOM: give mutation
  5780 | D:7      | Gained mutation: You are clumsy. (Dex -2) [Xom's mischief]
  5834 | D:7      | XOM: mild Air miscast
  5840 | D:7      | Got a slimy leather armour
  5851 | D:7      | Identified the +3 leather armour "Ciuveenu" {rF+ MR++ Dex-2
                  | Stlth+} (You found it on level 7 of the Dungeon)
  5882 | D:7      | XOM: mild Chrm miscast
  5902 | D:8      | Noticed a yak
  5905 | D:8      | Noticed a hornet
  5905 | D:8      | a yak changed into a hornet
  5905 | D:8      | XOM: polymorph yak -> hornet
  5908 | D:8      | XOM: enchant monster (bad)
  5925 | D:8      | Paralysed by a hornet for 3 turns
  5926 | D:8      | XOM: scenery: create altars
  5931 | D:8      | HP: 1/67 [hornet (11)]
  5931 | D:8      | Paralysed by a hornet for 2 turns
  5931 | D:8      | Slain by a hornet

Skill      XL: |  1  2  3  4  5  6  7  8 |
---------------+-------------------------+-----
Polearms       | 5 6 7 8 9 11 12 | 12.8
Fighting       | 4 5 6 7 |  7.5
Armour         | |  0.6
Dodging        | |  2.6

Action                   |  1- 3 |  4- 6 |  7- 9 || total
-------------------------+-------+-------+-------++-------
Melee: Spear             |   119 |   202 |   260 ||   581
  Use: Scroll            |     3 |    12 |       ||    15
       Potion            |       |       |     2 ||     2
 Stab: Sleeping          |     4 |     3 |     1 ||     8
       Confused          |       |     5 |     1 ||     6
       Paralysed         |       |       |     6 ||     6
       Petrified         |       |       |     2 ||     2
       Petrifying        |       |       |     1 ||     1
  Eat: Chunk             |     1 |     6 |     3 ||    10
       Ration            |       |       |     2 ||     2
Armor: Leather armour    |    32 |    88 |    66 ||   186
Dodge: Dodged            |    70 |    90 |    65 ||   225
